AoeStats
← rkdestroyer

Arabian Desert

509464014Analyzed
1v1 RM · 6d ago on Sep 26, 2026· 30m 59s· 2 players
Game mode
Random Map
Map size
Tiny (2 player)
Population
200
Speed
Normal
Resources
Standard
Victory
Conquest
Starting age
Dark Age
Ending age
Imperial Age
RankedLock teamsTeams togetherTeam positionsShared explorationLock speedFull tech treeHidden civsTurbo modeCheats
Victory
Defeat
🇦🇷 Bohemians · Argentina
584
+14
🇦🇷 Saracens · Argentina
538
-14
rkdestroyer
0:45 Loom
12:19 Feudal Age
20:11 Castle Age
19:25 Wheelbarrow
18:41 Double-Bit Axe
18:45 Town Watch
18:43 Horse Collar
19:14 Stone Mining
booster232133
11:11 Feudal Age
17:26 Castle Age
21:42 Double-Bit Axe
Connection lost

Rejoining the realm…

Still unreachable

The connection could not be restored.

Session expired

The server has moved on; the page needs a fresh start.